[Event "Late-Titled-Tuesday-Blitz-February-13-2024"]
[Site "Chess.com"]
[Date "2024.02.13"]
[Round "11"]
[White "LiemLe"]
[Black "TigrVShlyape"]
[Result "1/2-1/2"]
[WhiteElo "3024"]
[BlackElo "2893"]
[TimeControl "180+1"]
[EndTime "16:06:00 PST"]
[Termination "Game drawn by repetition"]

1. Nf3 d5 2. e3 Nf6 3. c4 c6 4.
Nc3 g6 5. d4 Bg7 6. Be2 O-O 7.
O-O Qb6 8. b3 Bg4 9. h3 Bxf3 10.
Bxf3 e6 11. Qc2 Rd8 12. Rd1 a5 13. Rb1 Na6 14. a3 Qa7 15. Bd2 Nc7 16. Be1 b5 17.
Rdc1 Nfe8 18. cxd5 cxd5 19. Ne2 Bf8 20. Ra1 Rac8 21.
Nf4 a4 22. Nd3 Nd6 23. bxa4 bxa4 24. Ne5 Ncb5 25. Qd3 Qa8 26. Bb4 Rxc1+ 27. Rxc1 Rc8 28. Rc2 Qb7 29. Bd1 Nc4 30. Nxc4 dxc4 31. Rxc4 Rxc4 32. Qxc4 Nxa3 33. Bxa3 Bxa3 34. Qxa4 Bd6 35. g3 Kg7 36. Qc2 Ba3 37. Qd3 Qb2 38. Kg2 Bb4 39. Be2 Qd2 40.
Qc4 h5 41. h4 Qb2 42. Qb5 Bc3 43. Qe5+ Kf8 44. Kf3 Qb7+ 45. Qe4 Qxe4+ 46. Kxe4 Be1 47. Kf3 Kg7 48. Kg2 f5 49. Bc4 Kf6 50. Kf1 Ba5 51.
Ke2 Bb4 52. Kd3 Be1 53. Ke2 Bb4 54. Bb5 Ba5 55. Be8 Bb4 56. f3 Bd6 57. Kf2 Bc7 58. e4 fxe4 59. fxe4 e5 60. d5 Bb6+ 61. Kf3 Bc5 62.
Ke2 Bb6 63. Kd3 Bf2 64. d6 Bxg3 65. d7 Ke7 66. Bxg6 Bxh4 67. Bxh5 Kxd7 68. Bg4+ Kd6 69. Bf5 Kc5 70. Ke2 Kd4 71. Kf3 Be1 72. Kg4 Bd2 73. Kf3 Bf4 74. Kg4 Bd2 75. Kf3 Bf4 76. Kg4 Bd2 1/2-1/2

[Event "Late-Titled-Tuesday-Blitz-February-13-2024"]
[Site "Chess.com"]
[Date "2024.02.13"]
[Round "11"]
[White "verrbaa"]
[Black "JCVanDamme10"]
[Result "1/2-1/2"]
[WhiteElo "2507"]
[BlackElo "2340"]
[TimeControl "180+1"]
[EndTime "16:06:00 PST"]
[Termination "Game drawn by repetition"]

1. e4 c5 2. Nf3 e6 3. d4 cxd4 4. Nxd4 a6 5. Bd3 Nc6 6. Nxc6 bxc6 7. c4 e5 8. O-O Nf6 9. Be3 d6 10. Nc3 Be7 11. h3 O-O 12. Rc1 Rb8 13. b3 Qa5 14. f4 exf4 15. Bxf4 Be6 16. Na4 Rbd8 17. Be3 Nd7 18. Qe2 Bg5 19. c5 Bxe3+ 20. Qxe3 dxc5 21. e5 Nxe5 22. Bxh7+ Kxh7 23. Rxc5 Qd2 24. Rxe5 Qxe3+ 25. Rxe3 Rd2 26. Rf2 Rfd8 27. Ree2 Rxe2 28. Rxe2 Rd1+ 29. Kf2 Ra1 30. Nc5 Bd5 31. Nxa6 Bxb3 32. axb3 Rxa6 33.
Re7 Kg6 34. Rc7 Rb6 35. b4 Kf6 36. g3 Ke6 37. Kf3 g6 38. g4 f6 39. h4 Kd6 40.
Rf7 Ke5 41. h5 gxh5 42. gxh5 Rxb4 43. h6 Rh4 44. Rc7 Kd6 45. Rh7 c5 46. Kg3 Rh1 47. Kg4 Ke6 48. Rc7 Rxh6 49. Rxc5 Rh1 50. Kf4 Rh4+ 51.
Kf3 Rd4 52. Ra5 Kf7 53. Rb5 Kg6 54. Ra5 Rh4 55. Rb5 Rc4 56. Ra5 Rb4 57. Rc5 Rb3+ 58.
Kf4 Rb1 59. Ra5 Rf1+ 60. Kg3 Rf5 61. Rxf5 Kxf5 62. Kf3 Ke5 63. Ke3 Kf5 64. Kf3 Kg5 65.
Kg3 f5 66. Kf3 f4 67. Kf2 Kg4 68. Kg2 f3+ 69. Kf2 Kf4 70. Kf1 Kg3 71. Kg1 Kf4 72. Kf1 Ke4 73. Kf2 Kf4 74. Kf1 1/2-1/2

[Event "Late-Titled-Tuesday-Blitz-February-13-2024"]
[Site "Chess.com"]
[Date "2024.02.13"]
[Round "11"]
[White "BilodeauA"]
[Black "Hikaru"]
[Result "1/2-1/2"]
[WhiteElo "3006"]
[BlackElo "3307"]
[TimeControl "180+1"]
[EndTime "16:06:02 PST"]
[Termination "Game drawn by repetition"]

1. e4 c6 2. Nf3 d5 3. d3 Bg4 4.
h3 Bxf3 5. Qxf3 e6 6. Nc3 Nf6 7. g3 Bb4 8. Bd2 d4 9. Nb1 Qb6 10.
b3 a5 11. a4 Na6 12. Bg2 Qc5 13. Qd1 Bxd2+ 14. Qxd2 Nb4 15. Na3 b5 16. O-O O-O 17. f4 Rac8 18. Kh2 Nd7 19. Rf2 Nb6 20. Nb1 bxa4 21.
bxa4 e5 22. fxe5 Rce8 23. Qd1 Rxe5 24. Nd2 Rd8 25. Nf3 Re7 26. Qd2 Nd7 27. Raf1 f6 28. Nh4 g6 29. Qh6 Rg7 30. Bf3 Qg5 31. Qxg5 fxg5 32.
Ng2 Rf7 33. Bg4 Rxf2 34. Rxf2 Ne5 35. Be6+ Kg7 36. Ne1 h5 37. Kg2 Rd6 38. Bb3 g4 39. hxg4 hxg4 40. Kf1 c5 41. Ke2 Rb6 42. Kd2 Rb8 43.
Be6 Rh8 44. Rg2 Rh1 45. Ke2 Na2 46. Bxa2 Kf6 47. Bb3 Ke7 48. Rf2 Rg1 49. Rg2 Rh1 50.
Kf2 g5 51. Rg1 Rh2+ 52. Ng2 Rh6 53. Rb1 Rf6+ 54. Ke2 Rf3 55. Bd5 Rxg3 56. Ne1 Rh3 57. Rb7+ Kd8 58. Rg7 Rh2+ 59. Kf1 Rh1+ 60. Ke2 Rh2+ 61.
Kf1 Rh1+ 62. Ke2 Rh2+ 1/2-1/2

[Event "Late-Titled-Tuesday-Blitz-February-13-2024"]
[Site "Chess.com"]
[Date "2024.02.13"]
[Round "11"]
[White "KarolKacprzak"]
[Black "JackRodgers"]
[Result "1-0"]
[WhiteElo "2726"]
[BlackElo "2535"]
[TimeControl "180+1"]
[EndTime "16:06:05 PST"]
[Termination "KarolKacprzak won by checkmate"]

1. d4 c5 2. d5 e5 3. e4 d6 4. Nc3 Be7 5. Bb5+ Nd7 6. a4 Bg5 7.
Nf3 Bxc1 8. Qxc1 Nf6 9. O-O a6 10. Bd3 Nf8 11. a5 Bd7 12. Nd2 Ng6 13. Nc4 Qe7 14. Qe3 O-O 15. h3 Nh5 16. Rab1 Ngf4 17. b4 Qg5 18. g3 Bxh3 19. Nxd6 cxb4 20. Rxb4 Bxf1 21. Bxf1 Rab8 22. Rxb7 Rxb7 23. Nxb7 Qg6 24. Nc5 Ra8 25. N3a4 Nf6 26. Nb6 Ra7 27. Qc3 h5 28.
Qxe5 Qg4 29. Qxf4 Qd1 30. Qb8+ Kh7 31. Qxa7 h4 32. Qxa6 hxg3 33. Qe2 Qd4 34. Nd3 Nxe4 35. Bg2 Qa1+ 36. Qf1 gxf2+ 37. Nxf2 Qxa5 38. Bxe4+ f5 39.
Bxf5+ g6 40. Qh3+ Kg7 41. Qg3 Qe1+ 42. Kg2 Kh8 43. Bxg6 Qe7 44. Bf5 Qe4+ 45. Qf3 Qe8 46. d6 Qg8+ 47. Bg4 Qg7 48. Nd5 Kh7 49. Qf5+ Kg8 50.
Qe6+ Kh8 51. Qf6 Qxf6 52. Nxf6 Kg7 53. N2e4 Kh6 54. d7 Kg6 55. d8=Q Kf7 56. Qg8+ Ke7 57. Qg7+ Kd8 58. Qd7# 1-0

[Event "Late-Titled-Tuesday-Blitz-February-13-2024"]
[Site "Chess.com"]
[Date "2024.02.13"]
[Round "11"]
[White "sergiochess83"]
[Black "RandomNoob04"]
[Result "1-0"]
[WhiteElo "2840"]
[BlackElo "2616"]
[TimeControl "180+1"]
[EndTime "16:06:08 PST"]
[Termination "sergiochess83 won by resignation"]

1. d4 Nf6 2. c4 c5 3. d5 b5 4. Qc2 bxc4 5. e4 e6 6. Bxc4 exd5 7.
exd5 d6 8. Nf3 Be7 9. O-O O-O 10.
Re1 Nbd7 11. Nc3 Nb6 12. b3 Bg4 13. Nd2 Bh5 14. Bd3 Nfxd5 15. Nxd5 Nxd5 16. Bxh7+ Kh8 17. Qe4 Nf6 18. Qxe7 Qxe7 19. Rxe7 Kxh7 20. Bb2 Rfe8 21. Bxf6 gxf6 22. Rae1 Rg8 23. Ne4 Kg6 24. Nxd6 Rad8 25.
Nc4 Kh6 26. Kf1 Bg6 27. Ne3 a6 28. Rc7 Rd2 29. Rxc5 Rxa2 30. h4 Rb8 31. Rc6 Kg7 32. Rc3 Rd8 33. Kg1 Rdd2 34. Rf1 Bd3 35. Rd1 Rxd1+ 36.
Nxd1 Be4 37. Ne3 f5 38. f3 f4 39. fxe4 fxe3 40. Rxe3 Kf6 41. Rf3+ Ke5 42. Rxf7 Rb2 43. Rf3 Kxe4 44. Kh2 Re2 45. Kh3 Re1 46. h5 Rh1+ 47.
Kg4 Rh2 48. g3 Rh1 49. Rf4+ Ke5 50. b4 Rb1 51. Kg5 Rh1 52. g4 Rc1 53. h6 Rc8 54.
Rf5+ Ke4 55. Rf6 Rg8+ 56. Rg6 Rb8 57. Rxa6 Rxb4 58. h7 Rb5+ 59. Kh6 Rb6+ 60. Rxb6 1-0

[Event "Late-Titled-Tuesday-Blitz-February-13-2024"]
[Site "Chess.com"]
[Date "2024.02.13"]
[Round "11"]
[White "BabageldiAnnaberdiyev"]
[Black "TheAlienParty"]
[Result "0-1"]
[WhiteElo "2594"]
[BlackElo "2423"]
[TimeControl "180+1"]
[EndTime "16:06:09 PST"]
[Termination "TheAlienParty won on time"]

1. e4 e5 2. Nf3 Nc6 3. Bc4 Bc5 4. c3 Nf6 5. d4 exd4 6. cxd4 Bb4+ 7. Nc3 d5 8. exd5 Nxd5 9. O-O Nxc3 10. bxc3 Be7 11.
d5 Nb8 12. Qc2 O-O 13. Re1 Bf6 14. Ba3 Re8 15. d6 cxd6 16. Bxd6 Bd7 17. Red1 Qc8 18.
Qb3 Be6 19. Bxe6 Rxe6 20. Rac1 Nc6 21. c4 Qd7 22. c5 Rae8 23. g3 Qc8 24. Rb1 Na5 25.
Qb5 b6 26. cxb6 axb6 27. Bf4 Qb7 28. Kg2 g6 29. Qd5 Qxd5 30. Rxd5 Nc4 31. Rb4 Rc8 32. h4 Kg7 33. h5 gxh5 34. Rxh5 Re2 35. g4 Bc3 36. Bh6+ Kg8 37. Rbb5 Re6 38. Rbg5+ Rg6 39. Nh4 Bd2 40. Nxg6 Bxg5 41. Rxg5 fxg6 42. Rc5 Rxc5 43. Bf4 Rd5 44. Kf3 Rd3+ 45. Ke4 Ra3 46. g5 Rxa2 47.
f3 Nd2+ 48. Ke3 Nf1+ 49. Ke4 Ra4+ 50. Ke5 Ra3 51. Ke4 Ra5 52. Bc1 b5 53. f4 b4 54. Kd3 Rc5 55. Bb2 Ng3 56. Kd4 Rc8 57.
Kd3 Nf5 0-1

[Event "Late-Titled-Tuesday-Blitz-February-13-2024"]
[Site "Chess.com"]
[Date "2024.02.13"]
[Round "11"]
[White "JaackCamel"]
[Black "kibromNNN"]
[Result "1-0"]
[WhiteElo "2203"]
[BlackElo "1813"]
[TimeControl "180+1"]
[EndTime "16:06:09 PST"]
[Termination "JaackCamel won on time"]

1. d4 Nf6 2. c4 e6 3. Nc3 d5 4. cxd5 exd5 5. Bg5 Be7 6. e3 c6 7. Bd3 O-O 8. Qc2 h6 9. Bh4 Be6 10. Nge2 Nbd7 11. O-O Bd6 12. h3 Qc7 13. Rac1 Rac8 14. Bg3 Bxg3 15. Nxg3 Qd6 16. Qe2 Rfe8 17. Rfd1 Nf8 18.
Qc2 Qd7 19. Kh2 N8h7 20. e4 Nxe4 21. Ncxe4 dxe4 22. Bxe4 Nf8 23. Qd3 Bd5 24. Bf5 Ne6 25. b3 Qd6 26. Bxe6 Rxe6 27. Kg1 Rce8 28. Nf5 Qf4 29. Ne3 Rxe3 30. fxe3 Rxe3 31. Qf1 Qg5 32. Rc2 Rxh3 33. Rf2 Rg3 34. Rd3 Rg4 35. Rh3 Rxd4 36. Rf5 Qg6 37. Rxd5 Rxd5 38. Rf3 Rd2 39. Kh1 Qh5+ 40.
Kg1 Rxa2 41. Rf2 Rxf2 42. Qxf2 Qd5 43. Qxa7 Qxb3 44. Qb8+ Kh7 45. Qe5 Qe6 46. Qb2 b5 47. Qc2+ f5 48. Qc5 Qd5 49. Qf8 c5 50. Kh1 b4 51. Qb8 b3 52. Qb5 Qe5 53. Qxb3 1-0

[Event "Late-Titled-Tuesday-Blitz-February-13-2024"]
[Site "Chess.com"]
[Date "2024.02.13"]
[Round "11"]
[White "Zq1"]
[Black "Hirna2005"]
[Result "1-0"]
[WhiteElo "2508"]
[BlackElo "2323"]
[TimeControl "180+1"]
[EndTime "16:06:16 PST"]
[Termination "Zq1 won by resignation"]

1. d4 g6 2. e4 Bg7 3. c4 d6 4.
Nc3 Nc6 5. Nge2 e5 6. Be3 exd4 7.
Nxd4 Nge7 8. h4 h5 9. Be2 O-O 10. Qd2 Nxd4 11. Bxd4 Be6 12. O-O-O f6 13. f3 Nc6 14. Be3 Ne5 15. b3 a6 16. g4 hxg4 17.
h5 g5 18. h6 Bh8 19. h7+ Kf7 20. fxg4 Bxg4 21. Bxg4 Nxg4 22. Qd5+ Kg7 23. Bd4 Ne5 24. Rdg1 Qe7 25. Ne2 c6 26. Qa5 b5 27. Nf4 bxc4 28.
Bxe5 dxe5 29. Nh5+ Kg6 30. Ng3 Bg7 31. Qd2 cxb3 32.
Qe2 Qc5+ 33. Kb2 Qc2+ 34. Qxc2 bxc2 35. Nf5 Rh8 36. Kxc2 Rae8 37. Rd1 Rxh7 38. Rxh7 Kxh7 39. Rd7 Rg8 40. Kd3 Kg6 41. Ne7+ Kf7 42. Nxg8+ Kxg8 43. Ke3 Bf8 44. Kf3 c5 45. Kg4 c4 46. Rc7 c3 47.
Rxc3 Kf7 48. Kf5 Be7 49. Rc6 a5 50. Ra6 Bb4 51. Ra7+ Be7 52. Rxa5 Kf8 53. Ra7 Ke8 54. Ke6 Bd8 55. Rh7 Be7 56. Rxe7+ Kf8 57. Rf7+ Kg8 58. Rxf6 Kg7 59. Rf5 Kg6 60. Rxe5 g4 61. Rf5 g3 62.
Rf1 Kg5 63. Rg1 Kf4 64. Rxg3 Kxe4 65. Rg4+ Kd3 66. Rb4 Kc3 67. Rb8 Kc4 68. a4 Kc5 69. a5 Kc6 70. a6 Kc7 71. a7 Kc6 72. a8=Q+ Kc5 73. Qa7+ Kc4 74. Rb6 Kd3 75. Qa5 Ke4 76. Rb4+ 1-0

[Event "Late-Titled-Tuesday-Blitz-February-13-2024"]
[Site "Chess.com"]
[Date "2024.02.13"]
[Round "11"]
[White "sharkarton"]
[Black "manitodeplomo"]
[Result "0-1"]
[WhiteElo "2516"]
[BlackElo "2645"]
[TimeControl "180+1"]
[EndTime "16:06:25 PST"]
[Termination "manitodeplomo won by resignation"]

1. Nf3 g6 2. d4 Bg7 3. g3 c5 4. c3 Qa5 5. Bg2 cxd4 6. Nxd4 Nf6 7. O-O O-O 8. Nd2 Nc6 9. N2b3 Qc7 10. Nb5 Qb8 11. e4 d6 12. h3 Bd7 13. N5d4 Rc8 14.
Be3 Ne5 15. Nd2 a6 16. f4 Nc6 17. a4 e5 18. Nxc6 Bxc6 19. f5 d5 20. fxg6 hxg6 21.
Bg5 Nxe4 22. Nxe4 dxe4 23. h4 Qa7+ 24. Kh2 Qb6 25. h5 Qxb2 26. hxg6 fxg6 27. Qg4 Re8 28. Be3 Qxc3 29. Rae1 Qc4 30. Qxg6 Qe6 31. Bxe4 Bxe4 32. Qxe4 Rac8 33. Rh1 Rc4 34. Qd3 e4 35. Qe2 Rec8 36. Rc1 Qc6 37. Rxc4 Qxc4 38. Qh5 Qa2+ 39. Kg1 Qb1+ 40.
Kg2 Qa2+ 41. Bf2 Qe6 42. Qh7+ Kf7 43. Qh5+ Ke7 44. Bc5+ Kd7 45. Rd1+ Kc7 46. Bd6+ Kb6 47. a5+ Ka7 48. Bf4 e3 49. Bxe3+ Qxe3 50. Qg4 Qc3 51. Qf4 Qc6+ 52. Kh2 Ka8 53. Qf2 Bh6 54. Rd2 Bxd2 55.
Qxd2 Qc2 56. Qxc2 Rxc2+ 57. Kh3 Rc5 58. g4 Rxa5 59. Kh4 Ra4 60. Kh5 Ra1 61. g5 Rb1 62. g6 Rc1 63. g7 Rh1+ 64. Kg6 Rg1+ 65. Kf7 a5 66. g8=Q+ Rxg8 67. Kxg8 a4 68. Kf7 a3 69.
Ke6 a2 70. Kd7 a1=Q 71. Kc7 Qc1+ 72. Kb6 Qc6+ 73. Ka5 Qa6+ 74. Kb4 Qb6+ 75. Ka4 Kb8 76. Ka3 Kc8 77. Ka4 Kd8 78. Ka3 Ke7 0-1

[Event "Late-Titled-Tuesday-Blitz-February-13-2024"]
[Site "Chess.com"]
[Date "2024.02.13"]
[Round "11"]
[White "mishanick"]
[Black "SpeedofLight0"]
[Result "0-1"]
[WhiteElo "2982"]
[BlackElo "3063"]
[TimeControl "180+1"]
[EndTime "16:06:27 PST"]
[Termination "SpeedofLight0 won by resignation"]

1. d4 d6 2. e4 Nf6 3. Nc3 e5 4. Nf3 Nbd7 5. Bc4 Be7 6. O-O O-O 7. Re1 c6 8. a4 a5 9. h3 Qc7 10. b3 h6 11. Ba3 Re8 12. Bb2 Nf8 13. Qd2 Ng6 14. Rad1 Bd7 15. Bd3 Qc8 16. Bf1 Qc7 17. Qe3 Rad8 18. Ne2 d5 19. dxe5 Nxe4 20. c4 Be6 21.
cxd5 Bxd5 22. Bd4 Bb4 23. Nc3 Nxc3 24. Bxc3 Bxc3 25. Qxc3 Bxf3 26. Rxd8 Qxd8 27. Qxf3 Rxe5 28. Rd1 Rd5 29. Re1 Ne5 30. Qe4 Qf6 31. f4 Ng6 32.
Bc4 Rf5 33. g3 b5 34. Bd3 Rc5 35. h4 h5 36. Kg2 Nf8 37. axb5 cxb5 38. Re2 Qe6 39. Qf3 Qd5 40. Be4 Qd4 41. Bc2 Rc3 42.
Qa8 Qc5 43. Qe4 g6 44. Rd2 Re3 45. Qa8 Qe7 46. Kf2 Qc5 47. Qd5 Rc3+ 48. Qxc5 Rxc5 49. Be4 Ne6 50. Bd5 Nc7 51. Be4 Na6 52. Rd6 Nb4 53.
Rb6 Na2 54. Bd3 Nc3 55. Rb8+ Kg7 56. Ke3 Rd5 57. Rb7 a4 58. bxa4 bxa4 59. Ra7 Rc5 60.
Kd4 Nb5+ 61. Kxc5 Nxa7 62. Kb4 Nc6+ 63. Kxa4 Kf6 64. Kb3 Nd4+ 65. Kc4 Nf5 66. Kd5 Nxg3 67. Kd6 Nf5+ 68. Bxf5 Kxf5 69. Ke7 Kxf4 70. Kxf7 Kg4 71. Kxg6 Kxh4 72. Kf5 Kg3 73. Kg5 h4 0-1

[Event "Late-Titled-Tuesday-Blitz-February-13-2024"]
[Site "Chess.com"]
[Date "2024.02.13"]
[Round "11"]
[White "FabianoCaruana"]
[Black "Durarbayli"]
[Result "1/2-1/2"]
[WhiteElo "3057"]
[BlackElo "2948"]
[TimeControl "180+1"]
[EndTime "16:06:27 PST"]
[Termination "Game drawn by repetition"]

1. c4 c6 2. Nc3 d5 3. d4 Nf6 4.
Nf3 e6 5. e3 Nbd7 6. Qc2 Bd6 7.
Be2 dxc4 8. a4 O-O 9. Nd2 e5 10.
Nxc4 Bc7 11. a5 exd4 12. exd4 b5 13. axb6 Nxb6 14. Nxb6 Bxb6 15. O-O Bxd4 16. Bf3 Bg4 17. Bxc6 Rc8 18. Bb5 Rc5 19. Bd3 Qc7 20. Be3 Rh5 21. g3 Bf3 22. Be2 Bxe2 23. Qxe2 Bxe3 24. Qxe3 Rxh2 25.
Qxa7 Qxa7 26. Rxa7 Rh5 27. b4 g6 28. b5 Rb8 29.
Rb1 Rc5 30. Ra3 Nd5 31. Nxd5 Rxd5 32. b6 Kg7 33. b7 Rd7 34. Rab3 Kf6 35. Kg2 h5 36.
Kf3 Ke6 37. Kf4 f6 38. Rb6+ Kf7 39. Kf3 Kg7 40. Ke3 Re8+ 41. Kf4 Rb8 42. f3 Kf7 43.
Ke3 Re8+ 44. Kf2 Rb8 45. g4 hxg4 46. fxg4 Kg7 47. Kg3 Kf7 48. Rf1 Kg7 49. Rfxf6 Rbxb7 50. Rxg6+ Kh7 51. Rh6+ Kg7 52. Rbg6+ Kf7 53. Kh4 Rb5 54. Rf6+ Kg7 55. g5 Rf7 56. Rfg6+ Kf8 57. Kh5 Rf1 58.
Ra6 Rh1+ 59. Kg6 Rg1 60. Rh8+ Ke7 61. Ra7+ Kd6 62. Rd8+ Kc6 63. Rc8+ Kd6 64. Rd8+ Kc6 65. Rc8+ Kd6 66. Kf6 Rf1+ 67. Kg6 Rg1 1/2-1/2

[Event "Late-Titled-Tuesday-Blitz-February-13-2024"]
[Site "Chess.com"]
[Date "2024.02.13"]
[Round "11"]
[White "azikom"]
[Black "Dinamo3"]
[Result "1-0"]
[WhiteElo "2689"]
[BlackElo "2528"]
[TimeControl "180+1"]
[EndTime "16:06:28 PST"]
[Termination "azikom won on time"]

1. d4 Nf6 2. c4 g6 3. Nc3 Bg7 4. e4 d6 5. Bg5 O-O 6. Qd2 Nbd7 7. f3 e5 8. d5 a5 9. Nge2 Nc5 10. Ng3 c6 11.
Be2 cxd5 12. Nxd5 Be6 13. Nc3 Qb6 14. Be3 Nfd7 15. O-O f5 16. exf5 gxf5 17. Nh5 f4 18. Bf2 Nf6 19. Nxg7 Kxg7 20. Na4 Qc6 21. Nxc5 dxc5 22. Qc3 Qc7 23. Rfe1 Bf7 24. Bf1 Rfe8 25. Rad1 Re7 26. Bh4 Rae8 27. Rd2 Re6 28. Bd3 Rd8 29. Rde2 Qd6 30. Bf5 Ree8 31. Rxe5 Rxe5 32. Rxe5 Qd1+ 33.
Re1 Qd4+ 34. Qxd4 cxd4 35. Bd3 b6 36. b3 Rd6 37. Re7 Nd7 38. Bg5 Nc5 39. Bxf4 Rf6 40.
Be5 Nxd3 41. Bxd4 Kg6 42. Bxf6 Kxf6 43. Rb7 Be8 44. Rxb6+ Ke5 45. Ra6 a4 46. bxa4 Nb4 47.
Ra7 Bg6 48. a5 Kd6 49. Ra8 Kc6 50. h4 Bd3 51. Kh2 Kb7 52. Rh8 Nxa2 53. h5 Nb4 54.
g4 Nc6 55. Kg3 Nxa5 56. c5 Kc6 57. f4 Kxc5 58. f5 Nc6 59. Rxh7 Kd6 60. h6 Ke5 61. Rg7 Nd4 62. h7 Bxf5 63. h8=Q Be4 64. Re7+ Kd5 65. Rd7+ 1-0

[Event "Late-Titled-Tuesday-Blitz-February-13-2024"]
[Site "Chess.com"]
[Date "2024.02.13"]
[Round "11"]
[White "andjela_djidjika"]
[Black "VladimirBugayev"]
[Result "0-1"]
[WhiteElo "2147"]
[BlackElo "2402"]
[TimeControl "180+1"]
[EndTime "16:06:28 PST"]
[Termination "VladimirBugayev won by resignation"]

1. e4 c6 2. d4 d5 3. Nd2 dxe4 4. Nxe4 Nf6 5. Nxf6+ exf6 6. c3 Bd6 7. Bd3 O-O 8.
Qc2 Re8+ 9. Ne2 h5 10. h3 Nd7 11. g4 h4 12. Be3 Nf8 13. O-O-O Be6 14. c4 b5 15.
Rhg1 bxc4 16. Bxc4 Bd5 17. g5 Be4 18. Qb3 Ne6 19. gxf6 Qxf6 20. Nc3 Bf3 21. Rd2 Bh2 22. Re1 Rab8 23. Qa4 c5 24. d5 Nd4 25. Ne2 Rb4 26.
Qxe8+ Kh7 27. Bd3+ g6 28. Nxd4 cxd4 29. Bg5 Qxg5 30.
Qxf7+ Kh6 31. Qf8+ Kh5 32. Qxf3+ Kh6 33. Qf8+ Kh5 34.
Qh8+ Qh6 35. Qxh6+ Kxh6 36. Bf1 Bf4 37. d6 Bxd6 38. Rde2 Bf4+ 39. Kb1 d3 40. Re8 d2 41.
Rd1 g5 42. Bd3 Rb6 43. Rh8+ Kg7 44. Re8 Rc6 45. Bc2 a5 46. Re7+ Kf6 47. Re4 Rd6 48.
b4 Rb6 49. a3 axb4 50. Rxb4 Re6 51. Bb3 Re1 52. Kc2 Re2 53. Rb6+ Ke5 54. Bc4 Rxf2 55. Re6+ Kd4 56. Re2 Rf3 57. Bb3 Rc3+ 58. Kb2 Kd3 59. Rg2 Rc1 60. Rgg1 Be5+ 61. Ka2 Bf4 62. a4 Rc5 63. Ka3 Rc3 64. Kb4 Bd6+ 65. Kb5 Rxb3+ 66. Kc6 Bf4 67. Rg2 Ra3 68. Kb5 Kc2 69.
a5 Kxd1 70. Kb6 Ke1 0-1

[Event "Late-Titled-Tuesday-Blitz-February-13-2024"]
[Site "Chess.com"]
[Date "2024.02.13"]
[Round "11"]
[White "Fandorine"]
[Black "Jarrahi2452"]
[Result "1-0"]
[WhiteElo "2953"]
[BlackElo "2820"]
[TimeControl "180+1"]
[EndTime "16:06:29 PST"]
[Termination "Fandorine won by resignation"]

1. d4 d5 2. Nf3 Nf6 3. Bg5 Ne4 4.
Bh4 h6 5. Nbd2 g5 6. Bg3 Bg7 7. e3 Nxg3 8. hxg3 c5 9. c3 Qb6 10.
Qb3 e6 11. g4 Nc6 12. Be2 Bd7 13. Qc2 Rc8 14. Qb1 cxd4 15. exd4 Qc7 16. a3 e5 17.
Nxe5 Nxe5 18. dxe5 Qxe5 19. O-O h5 20. Re1 Kf8 21.
gxh5 Qf4 22. Nf1 g4 23. Ng3 d4 24. Qd3 Bc6 25. c4 Qg5 26. Rad1 Be5 27. Bxg4 Rd8 28. Qf5 Qxf5 29. Nxf5 Bf6 30. Rd3 Bd7 31. Red1 Be6 32. b3 Kg8 33. f3 Bxf5 34. Bxf5 Rxh5 35. Be4 b5 36. g4 bxc4 37. bxc4 Ra5 38. f4 Bg7 39. g5 Rc8 40. Bd5 Kf8 41. Kg2 Rb8 42. R1d2 Rb1 43. Kf3 Ra1 44. Kg4 R5xa3 45. Rxa3 Rxa3 46.
f5 Be5 47. f6 d3 48. Kf5 Bd6 49. Be4 Ra5+ 50. Kg4 Re5 51. Bxd3 Bb4 52. Rd1 Re3 53. Bf5 Re1 54. Rd8+ Re8 55. Rd7 Bc5 56. Rc7 Bd4 57. c5 Re5 58. Rc8+ Re8 59. Rc7 Re5 60. c6 Bb6 61. Rb7 Rc5 62. Rb8+ 1-0

[Event "Late-Titled-Tuesday-Blitz-February-13-2024"]
[Site "Chess.com"]
[Date "2024.02.13"]
[Round "11"]
[White "Dewarfd"]
[Black "TheMagician"]
[Result "0-1"]
[WhiteElo "2151"]
[BlackElo "2225"]
[TimeControl "180+1"]
[EndTime "16:06:30 PST"]
[Termination "TheMagician won on time"]

1. d4 Nf6 2. e3 d5 3. Nf3 c5 4. dxc5 Nc6 5. Bb5 g6 6. b4 Bg7 7. Bb2 O-O 8. a3 a5 9. Bxc6 bxc6 10.
O-O Bf5 11. Nbd2 Qb8 12. c3 Bd3 13. Re1 Ne4 14. Nd4 Nxc5 15. Nxc6 Qb7 16. Nxe7+ Qxe7 17. bxc5 Rfb8 18. Nf3 Be4 19. Ra2 Bxf3 20. Qxf3 Qxc5 21.
Ba1 Qc4 22. Qe2 a4 23. Rd2 Rb3 24. Red1 Qxe2 25. Rxe2 Rxa3 26. Bb2 Rb3 27. Rxd5 Rab8 28. Bc1 Rb1 29. Re1 Bxc3 30. Red1 Kg7 31. g3 Bb2 32. Bxb2+ R8xb2 33. Rxb1 Rxb1+ 34. Kg2 a3 35. Ra5 Rb3 36. Kf3 h5 37. h3 f6 38. g4 h4 39. g5 fxg5 40. Kg4 Rb4+ 41. Kf3 g4+ 42. hxg4 Rb3 43. g5 h3 44. Kg3 Rb2 45. Ra7+ Kg8 46. Kxh3 Rxf2 47. Rxa3 Rf1 48. Kg4 Rg1+ 49. Kf4 Rf1+ 50.
Ke4 Rf5 51. Ra7 Rxg5 52. Kf4 Rg1 53. e4 Kf8 54. Ke5 Rf1 55. Rb7 g5 0-1

[Event "Late-Titled-Tuesday-Blitz-February-13-2024"]
[Site "Chess.com"]
[Date "2024.02.13"]
[Round "11"]
[White "terrortoast"]
[Black "Yurovskykh_Oleksandr"]
[Result "1/2-1/2"]
[WhiteElo "2483"]
[BlackElo "2666"]
[TimeControl "180+1"]
[EndTime "16:06:37 PST"]
[Termination "Game drawn - insufficient material"]

1. d4 d5 2. c4 dxc4 3. e4 Nf6 4.
e5 Nd5 5. Bxc4 Nb6 6. Bb3 Bf5 7.
Nc3 e6 8. Nge2 Nc6 9. Be3 Qd7 10.
O-O O-O-O 11. Rc1 Nb4 12. Na4 Nxa4 13. Bxa4 c6 14. a3 Nd5 15. b4 Kb8 16. Bb3 f6 17. Ng3 Bg6 18. Bd2 fxe5 19. dxe5 h5 20. Qe2 h4 21. Ne4 h3 22. g3 Bh5 23. f3 Be7 24. Bg5 Bxg5 25. Nxg5 Bg6 26. Rfd1 Qe7 27. Ne4 Bxe4 28. Qxe4 Nc3 29. Rxd8+ Qxd8 30. Qe3 Nd5 31. Qd4 Rf8 32. Rf1 g5 33. b5 Qb6 34. Qxb6 axb6 35. bxc6 bxc6 36. Bxd5 cxd5 37. f4 gxf4 38. Rxf4 Rc8 39. Rh4 Rc1+ 40. Kf2 Rc2+ 41. Ke3 Rxh2 42. Rh6 Rh1 43. Kf2 h2 44. Kg2 Re1 45. Kxh2 Rxe5 46.
Rh7 d4 47. Kg2 d3 48. Rd7 Re3 49. Kf2 Re2+ 50. Kf3 Re5 51. Rxd3 Rf5+ 52. Ke4 Kc7 53. g4 Rg5 54. Kf4 Ra5 55. g5 Ra4+ 56. Ke5 Rg4 57. Kf6 e5 58. g6 e4 59. Rd1 Kc6 60. g7 Kc5 61. Rf1 e3 62. Kf7 Kd4 63. g8=Q Rxg8 64. Kxg8 e2 65. Re1 Ke3 66. Kf7 Kd2 67. Rh1 e1=Q 68. Rxe1 Kxe1 69. Ke6 Kd2 70. Kd5 Kc3 71. Kc6 Kb3 72. Kxb6 Ka4 73. Kc5 Kxa3 1/2-1/2

[Event "Late-Titled-Tuesday-Blitz-February-13-2024"]
[Site "Chess.com"]
[Date "2024.02.13"]
[Round "11"]
[White "ATM622"]
[Black "deribas12345"]
[Result "0-1"]
[WhiteElo "2484"]
[BlackElo "2637"]
[TimeControl "180+1"]
[EndTime "16:06:38 PST"]
[Termination "deribas12345 won by checkmate"]

1. d4 Nf6 2. c4 c5 3. d5 b5 4. cxb5 a6 5. e3 d6 6. Nc3 g6 7. Nf3 Bg7 8. a4 O-O 9. Be2 Nbd7 10. O-O axb5 11. Bxb5 Ba6 12. h3 Ne8 13. Bc6 Bxf1 14. Qxf1 Nc7 15. Bxa8 Qxa8 16. e4 Rb8 17. a5 Rb4 18.
Qe2 Qa6 19. Qc2 Nb5 20. Qe2 Nc7 21. Qc2 Qb7 22. Nd2 Na6 23. b3 Rd4 24. Nc4 Ne5 25. Nb6 Nd3 26. Be3 Ndb4 27. Qc1 Rd3 28. Nba4 Nc7 29.
Bd2 Qa6 30. Nb2 Rd4 31. Be3 Nd3 32. Nxd3 Rxd3 33. Bd2 Bd4 34. Qf1 Rxd2 35. Qxa6 Nxa6 36. Rc1 Bxc3 37. Rxc3 Rd1+ 38. Kh2 Ra1 39. f4 Rxa5 40. e5 Ra2 41. Kg3 Rd2 42. e6 Rxd5 43. Re3 f5 44. Re1 Nc7 45. Kh4 Kg7 46. Ra1 Nxe6 47. Ra8 Nxf4 48. Re8 Kf7 49. Rh8 Ne6 50. Rxh7+ Kf6 51. Rh8 g5+ 52. Kh5 Nf4+ 53. Kh6 Nxg2 54. Rf8+ Ke6 55.
Kxg5 f4+ 56. Kg4 Ne3+ 57. Kf3 Nf5 58. Kxf4 Nd4 59. Ke4 Nxb3 60. Rh8 Re5+ 61. Kd3 Nd4 62. h4 Kd5 63. h5 c4+ 64. Kd2 Nf3+ 65. Kc2 Re2+ 66.
Kc3 Re3+ 67. Kc2 Nd4+ 68. Kd2 Re2+ 69. Kc1 c3 70. Kd1 Rd2+ 71. Kc1 Nb3+ 72. Kb1 Rb2# 0-1